 Dungeon Crawl Stone Soup version 0.31-a0-152-g6aa68a64a1 (webtiles) character file.

Game seed: 18263668435096340635

286098 mopl the Warrior (level 19, 0/174 HPs)
             Began as a Minotaur Fighter on June 9, 2023.
             Was a Believer of Uskayaw.
             Killed from afar by a wretched star (14 damage)
             ... with a lance of force
             ... on level 4 of the Abyss.
             The game lasted 01:34:34 (43123 turns).

mopl the Warrior (Minotaur Fighter)                Turns: 43123, Time: 01:34:34

Health: 0/174      AC: 31    Str: 23      XL:     19   Next: 82%
Magic:  27/27      EV: 15    Int:  3 (5)  God:    Uskayaw [**....]
Gold:   2953       SH: 16    Dex: 16      Spells: 13/22 levels left

rFire   + . .        a - +9 sword of Zonguldrok {reap}
rCold   . . .        f - +2 kite shield
rNeg    . . .        Y - +3 chain mail {rF+}
rPois   +            z - +2 hat
rElec   .            u - +0 cloak {Will+}
rCorr   .            O - +0 pair of gloves of Entitlement {Rampage rPois}
SInv    .            V - +0 pair of boots {Fly}
Will    ++...        S - amulet of faith {!P} Stlth
                     v - +4 ring of protection
HPRegen 0.00/turn    P - +4 ring of protection
MPRegen 0.20/turn

%: rampage, faith
@: sick, flying
A: horns 2, retaliatory headbutt
}: 2/15 runes: decaying, gossamer
a: Renounce Religion, Stomp, Line Pass


You were on level 4 of the Abyss.
You worshipped Uskayaw.
Uskayaw was pleased with you.
You visited 7 branches of the dungeon, and saw 34 of its levels.
You visited the Abyss 2 times.
You also visited: Sewer, Bailey and Wizlab.

You collected 3380 gold pieces.
You spent 427 gold pieces at shops.

Inventory:

Hand Weapons
 a - the +9 sword of Zonguldrok (weapon) {reap}
   (You found it on level 5 of the Dungeon)
 h - a +2 scimitar of holy wrath
Missiles
 g - 22 boomerangs
 k - a throwing net
 o - 7 javelins
 r - 4 boomerangs of dispersal
 C - 43 poisoned darts (quivered)
 W - 7 curare-tipped darts
Armour
 f - a +2 kite shield (worn)
 u - a +0 cloak of willpower (worn)
 y - a scarf of repulsion
 z - a +2 hat (worn)
 A - a +0 cloak of poison resistance
 O - the +0 pair of gloves of Entitlement (worn) {Rampage rPois}
   (You found it on level 4 of the Spider Nest)

   rPois:     It protects you from poison.
   Rampage:   It bestows one free step when moving towards enemies.
 R - the +0 cloak of Zin's Supremacy {rF++ Dex+3}
   (You found it in a wizard's laboratory)

   Dex:       It affects your dexterity (+3).
   rF:        It greatly protects you from fire.
 V - a +0 pair of boots of flying (worn)
 Y - a +3 chain mail of fire resistance (worn)
Jewellery
 v - a +4 ring of protection (left hand)
 B - an amulet of regeneration
 E - a ring of protection from cold
 P - a +4 ring of protection (right hand)
 S - an amulet of faith (around neck) {!P}
Wands
 e - a wand of paralysis (16)
 q - a wand of flame (35)
 D - a wand of digging (6)
 F - a wand of light (10)
 N - a wand of polymorph (31)
 T - a wand of iceblast (37)
 U - a wand of mindburst (1)
Scrolls
 b - 6 scrolls of teleportation
 c - 8 scrolls of immolation
 j - a scroll of fear
 p - 7 scrolls of fog
 s - 5 scrolls of blinking
 G - 3 scrolls of summoning
 I - a scroll of enchant weapon
 M - 3 scrolls of vulnerability
 Q - 2 scrolls of poison
 X - a scroll of identify
 Z - 4 scrolls of magic mapping
Potions
 d - 6 potions of might
 i - 4 potions of ambrosia
 l - 13 potions of curing
 m - 5 potions of enlightenment
 n - 5 potions of magic
 t - 2 potions of lignification {!q}
 w - 3 potions of resistance
 x - a potion of mutation {!q}
 H - 4 potions of heal wounds
 J - 5 potions of cancellation
 K - 4 potions of haste
 L - 3 potions of invisibility


   Skills:
 + Level 16.4 Fighting
 - Level 16.0 Long Blades
 - Level 5.4 Maces & Flails
 + Level 13.2 Throwing
 + Level 16.0 Armour
 + Level 14.3 Dodging
 + Level 15.8 Shields
 - Level 2.0 Spellcasting
 + Level 3.2 Translocations
 + Level 13.0 Invocations
 + Level 12.0 Evocations


You had 13 spell levels left.
You knew the following spells:

 Your Spells              Type           Power      Damage    Failure   Level
a - Apportation           Tloc           4%         N/A       56%         1
b - Lesser Beckoning      Tloc           4%         N/A       71%         2
c - Manifold Assault      Tloc           2%         N/A       100%        4
e - Blink                 Tloc           4%         N/A       71%         2

Your spell library contained the following spells:

 Spells                   Type           Power      Damage    Failure   Level
 Momentum Strike          Conj/Tloc      2%         3d8       90%         2
 Gell's Gravitas          Tloc           2%         N/A       91%         3
 Teleport Other           Tloc           2%         N/A       91%         3
 Magic Dart               Conj           0%         1d3       95%         1
 Necrotise                Necr           0%         1d4       95%         1
 Slow                     Hex            0%         N/A       95%         1
 Summon Small Mammal      Summ           0%         N/A       95%         1
 Call Imp                 Summ           0%         N/A       98%         2
 Cigotuvi's Dreadful Rot  Necr/Pois/Air  0%         N/A       98%         2
 Poisonous Vapours        Pois/Air       0%         N/A       98%         2
 Static Discharge         Conj/Air       0%         2-2/arc   98%         2
 Sublimation of Blood     Necr           0%         N/A       98%         2
 Portal Projectile        Hex/Tloc       2%         N/A       99%         3
 Call Canine Familiar     Summ           0%         N/A       100%        3
 Confusing Touch          Hex            0%         N/A       100%        3
 Mephitic Cloud           Conj/Pois/Air  0%         N/A       100%        3
 Tukima's Dance           Hex            0%         N/A       100%        3
 Vampiric Draining        Necr           0%         2d6       100%        3
 Airstrike                Air            0%         2d(0-16)  100%        4
 Dispel Undead            Necr           0%         3d6       100%        4
 Iskenderun's Mystic Bla  Conj/Tloc      1%         2d3       100%        4
 Leda's Liquefaction      Hex/Erth       0%         N/A       100%        4
 Olgreb's Toxic Radiance  Pois           0%         N/A       100%        4
 Passage of Golubria      Tloc           2%         N/A       100%        4
 Petrify                  Tmut/Erth      0%         N/A       100%        4
 Summon Lightning Spire   Summ/Air       0%         N/A       100%        4
 Blade Hands              Tmut           0%         N/A       100%        5
 Freezing Cloud           Conj/Ice/Air   0%         6-21      100%        5
 Irradiate                Conj/Tmut      0%         3d11      100%        5
 Death Channel            Necr           0%         N/A       100%        6
 Dispersal                Tloc           1%         N/A       100%        6
 Malign Gateway           Summ/Tloc      0%         N/A       100%        7
 Discord                  Hex            0%         N/A       100%        8
 Ignition                 Fire           0%         3d3       100%        8


Dungeon Overview and Level Annotations

Branches:
Dungeon (15/15)            Temple (1/1) D:6            Lair (5/5) D:8
  Swamp (4/4) Lair:2       Spider (4/4) Lair:2        Slime (0/5) Lair:5
    Orc (2/2) D:12            Elf (3/3) Orc:2        Vaults (0/5) D:13
 Depths (0/4) D:15          Sewer (visited)          Bailey (visited)
 WizLab (visited)

Altars:
Ashenzari
Cheibriados
Dithmenos
Elyvilon
Fedhas
Gozag
Hepliaklqana
Kikubaaqudgha
Makhleb
Nemelex Xobeh
Okawaru
Qazlal
Ru
Sif Muna
Trog
Uskayaw
Vehumet
Wu Jian
Xom
Yredelemnul
Zin
The Shining One
Jiyva

Shops:
D:3 !   D:5 :   D:9 :   D:10 (   Orc:2 ([*:   Elf:2 [

Annotations:
Lair:1 1 runed translucent door, Weneqiut's ghost, novice FeCj
Lair:5 exclusion: obsidian statue


Innate Abilities, Weirdness & Mutations

You have a pair of horns on your head.
You reflexively headbutt those who attack you in melee.


Message History

The golden eye blinks at you.
You easily resist.
Unknown command.
A lurking horror comes into view.
The golden eye blinks!
The starcursed mass shrieks in your mind.
* * * LOW HITPOINT WARNING * * *
The ancient zyme attacks as you move away!
You block the ancient zyme's attack.
The ancient zyme hits you but does no damage.
The golden eye pulsates ominously.
The golden eye blinks at you. You resist with almost no effort.
Your body is wracked with pain!
* * * LOW HITPOINT WARNING * * *
The golden eye convulses!
Unknown command.
The golden eye blinks at you. You resist with almost no effort.
Uskayaw prepares the audience for your solo!
Uskayaw prepares the audience for your solo!
A large abomination comes into view.
You rampage towards the large abomination!
A smoke demon comes into view.
You plunge deeper into the Abyss.
The abyssal rune of Zot can be found at this depth.
You can no longer pass through a line of other dancers.
Found a gateway leading deeper into the Abyss.
Unknown command.
The smoke demon roars!
You slice the smoke demon!!
The smoke demon is severely wounded.
You hear a shout!
You slice the smoke demon!!
You kill the smoke demon!
You can now pass through a line of other dancers.
Unknown command.
A wretched star comes into view.
The wretched star glows turbulently.
The lance of force hits you!
You die...

## ## .# ##.
....######
#....#.........
...........
.>#......
#.....# #.#.###
.. ##@...####...
...#.....#......
............#
....*.....#.#
#...##...## .#
..... #..## #
##.. #... ...
#.... ......


You could see a wretched star.

Vanquished Creatures
  Saint Roka (Orc:1)
  Arachne (Spider:4)
  Rupert (Lair:4)
  A Hell Sentinel (Abyss:3)
  3 deep elf blademasters
  3 deep elf master archers
  4 tentacled starspawn
  Frances (Swamp:2)
  2 thorn hunters
  5 deep elf sorcerers
  4 emperor scorpions (Spider:4)
  8 ghost moths
  2 ghouls
  3 broodmothers
  A reaper (WizLab)
  6 deep elf demonologists
  A lorocyproca (Abyss:2)
  8 bunyips
  7 deep elf annihilators
  A green draconian (Abyss:3)
  2 eleionomae
  3 dire elephants (Lair:5)
  Snorg (Lair:5)
  3 spark wasps (Spider:1)
  2 eidola
  7 deep elf death magi
  An ice dragon (Swamp:4)
  6 entropy weavers
  2 deep elf high priests (Elf:3)
  A great orb of eyes (Abyss:3)
  A shambling mangrove (Swamp:3)
  9 hydras
  4 vault guards (D:13)
  A radroach (Spider:2)
  4 centaur warriors
  2 jorogumos
  2 boulder beetles
  9 alligators
  24 dancing weapons
  2 two-headed ogres
  A death yak (Lair:5)
  3 thrashing horrors
  A tengu warrior (D:12)
  7 demonic crawlers
  A sun demon (WizLab)
  Urug (D:10)
  3 orc high priests
  11 deep elf knights
  A sixfirhy (WizLab)
  5 skeletal warriors (D:15)
  A wretched star (Abyss:3)
  A shadow wraith (WizLab)
  4 pharaoh ants
  4 goliath frogs
  4 sun moths
  2 shadow demons (WizLab)
  A glowing orange brain (Abyss:3)
  A bog body (Swamp:2)
  9 swamp dragons
  18 orb spiders
  3 wizards
  An obsidian statue (WizLab)
  An anaconda skeleton (WizLab)
  3 deep elf archers
  8 orc knights
  15 steelbarb worms
  Pikel (D:8)
  3 necromancers (Lair:5)
  A mana viper (WizLab)
  15 wolf spiders
  A wolf spider zombie (D:15)
  21 deep elf pyromancers
  A cyclops (D:14)
  23 deep elf zephyrmancers
  3 will-o-the-wisps
  17 ugly things
  An oklob plant (Lair:4)
  A manticore (D:12)
  5 orc sorcerers
  10 elephants
  5 worldbinders
  3 moths of wrath
  2 centaur zombies (D:15)
  An apocalypse crab (Abyss:2)
  A human skeleton (WizLab)
  Joseph (D:10)
  A naga mage (D:15)
  4 black mambas
  2 starcursed masses (Abyss:3)
  An orange demon (Abyss:2)
  3 smoke demons
  Psyche (D:9)
  6 torpor snails
  14 cane toads
  2 gargoyles
  An unseen horror (D:12)
  A yaktaur (D:13)
  4 kobold demonologists
  3 rime drakes
  4 ancient zymes
  7 komodo dragons
  A queen bee (shapeshifter) (D:15)
  A freezing wraith (WizLab)
  2 ice devils (WizLab)
  5 meliai
  A wind drake (Abyss:2)
  A bloated husk (Swamp:2)
  6 hornets
  2 tyrant leeches (Swamp:4)
  8 trolls
  A hellwing (WizLab)
  6 raiju (Abyss:2)
  19 tarantellas
  A hornet (shapeshifter) (Elf:1)
  14 blink frogs
  14 slime creatures
  7 large abominations
  4 flying skulls (Abyss:2)
  21 jumping spiders
  Sigmund (D:2)
  2 vampires (D:12)
  19 culicivoras
  3 shadows
  A spriggan (shapeshifter) (D:13)
  4 water elementals
  3 air elementals
  36 yaks
  A wyvern (Lair:3)
  2 hogs (shapeshifter)
  A tyrant leech zombie (Swamp:4)
  2 basilisks
  3 fire elementals
  34 redbacks
  4 vampire mosquitoes (D:12)
  3 steam dragons
  4 spatial vortices (WizLab)
  2 wargs
  An acid dragon (D:14)
  14 swamp worms
  16 water moccasins
  A hell hound (WizLab)
  30 orc warriors
  8 swamp drakes
  3 ice beasts
  An elf zombie (Elf:2)
  2 sky beasts
  3 black bears
  A boggart (WizLab)
  7 ogres
  An elephant skeleton (Lair:5)
  10 wolves
  8 centaurs
  A lemure (D:8)
  A phantom (D:12)
  6 kobold brigands
  2 small abominations
  5 necrophages
  12 bullfrogs
  5 earth elementals
  4 scorpions
  A cane toad simulacrum (Lair:5)
  8 wights
  A water moccasin zombie (D:9)
  An elephant simulacrum (Lair:5)
  9 electric eels
  3 howler monkeys
  2 quasits (Abyss:2)
  8 hounds
  15 orc priests
  An iron imp (Abyss:2)
  9 jellies
  A sleepcap (D:4)
  3 iguanas
  18 orc wizards
  6 hell rats
  8 ogre zombies (D:12)
  A boggart simulacrum (D:15)
  14 gnolls
  16 adders
  3 river rats (Sewer)
  3 ufetubi
  A worm (D:6)
  4 dart slugs
  68 orcs
  7 ball pythons
  9 bats
  20 endoplasms
  3 giant cockroaches
  6 goblins
  5 hobgoblins
  6 jackals (D:1)
  A quokka (D:4)
  6 frilled lizards
  A goblin skeleton (D:12)
  4 goblin zombies (D:12)
  3 hobgoblin zombies (D:12)
  10 kobolds
  An orc skeleton (D:12)
  14 orc zombies
  5 rats
  3 starspawn tentacles (Abyss:3)
1118 creatures vanquished.

Vanquished Creatures (collateral kills)
  Jorgrun (Swamp:2)
  An emperor scorpion (Spider:4)
  A ghost moth (Spider:4)
  2 ghouls (Swamp:4)
  A dire elephant (Lair:5)
  A deep elf death mage (Elf:3)
  An entropy weaver (Spider:4)
  A ghost crab (Swamp:4)
  4 hydras
  4 alligators
  A dancing weapon (Elf:2)
  2 boulder beetles
  2 deep elf knights
  2 goliath frogs (Swamp:1)
  2 swamp dragons
  A spriggan druid (Swamp:4)
  A sun moth (Spider:3)
  4 orb spiders
  A spectral anaconda (Lair:5)
  2 bog bodies
  A lindwurm (Lair:4)
  A steelbarb worm (Spider:1)
  2 deep elf zephyrmancers
  A necromancer (D:15)
  4 wolf spiders
  2 ugly things
  2 deep elf pyromancers
  A moth of wrath (Spider:2)
  A will-o-the-wisp (Swamp:4)
  An elephant (Lair:3)
  A dire elephant zombie (Lair:5)
  2 torpor snails
  2 black mambas
  Maggie (Lair:2)
  A centaur skeleton (D:15)
  2 cane toads
  2 rime drakes
  A tengu conjurer (D:12)
  A redback zombie (Spider:1)
  2 komodo dragons
  A meliai (Spider:4)
  10 tarantellas
  4 tyrant leeches
  5 blink frogs
  A raiju (shapeshifter) (D:15)
  A slime creature (D:12)
  8 jumping spiders
  2 culicivoras
  A slime creature zombie (D:15)
  2 basilisks
  6 yaks
  14 redbacks
  A spatial vortex (WizLab)
  A death yak simulacrum (Lair:5)
  A swamp worm (Swamp:1)
  5 water moccasins
  3 swamp drakes
  A black bear (D:8)
  An orc warrior (Orc:2)
  2 wolves (Lair:3)
  2 bullfrogs
  A gnoll sergeant (D:8)
  An electric eel (Lair:2)
  2 orc priests (Orc:2)
  3 orc wizards
  A hell rat (Lair:3)
  2 gnolls (D:8)
  9 orcs
  An endoplasm (Lair:4)
  A ball python (D:6)
  2 goblins (D:10)
  A goblin zombie (D:12)
  An orc zombie (D:12)
  A rat (Sewer)
164 creatures vanquished.

Vanquished Creatures (others)
  An eldritch tentacle (WizLab)
  A deep elf elementalist (Elf:1)
  A hydra (Swamp:4)
  2 deep elf knights (Elf:2)
  2 bunyip zombies (Swamp:3)
  A ghost moth zombie (Spider:4)
  A wizard (WizLab)
  A deep elf pyromancer (Elf:2)
  5 wolf spider zombies
  2 ugly thing zombies (D:15)
  A dire elephant zombie (Lair:5)
  A death yak zombie (Lair:5)
  2 steelbarb worm zombies
  An orb spider zombie (Spider:4)
  2 swamp worm zombies
  8 redback zombies
  A demonic crawler zombie (Spider:1)
  5 bloated husks
  A sun moth zombie (Spider:3)
  A great orb of eyes zombie (Abyss:3)
  3 alligator zombies (Swamp:3)
  3 culicivora zombies
  A radroach zombie (Spider:2)
  6 jumping spider zombies
  6 tarantella zombies
  A tyrant leech zombie (Swamp:4)
  A two-headed ogre zombie (D:9)
  2 cane toad zombies (Lair:5)
  2 entropy weaver zombies
  A swamp drake (Swamp:4)
  An elephant zombie (Lair:5)
  A manticore zombie (D:12)
  21 elf zombies
  2 blink frog zombies (WizLab)
  A swamp dragon zombie (Swamp:4)
  A hog zombie (D:13)
  An ogre (Orc:2)
  A torpor snail zombie (Spider:4)
  2 troll zombies
  A hell hound zombie (WizLab)
  3 water moccasin zombies
  5 yak zombies
  2 raiju zombies (Abyss:2)
  A naga zombie (D:15)
  A tengu zombie (D:12)
  4 wolf zombies
  6 bullfrog zombies
  A basilisk zombie (D:15)
  3 ogre zombies
  2 hound zombies (D:6)
  An adder zombie (Lair:1)
  3 jelly zombies (Lair:5)
  5 gnoll zombies (Bailey)
  A dart slug zombie (D:11)
  5 endoplasm zombies
  5 kobold zombies
  39 orc zombies
  20 foxfires
  A lurking horror (Abyss:3)
  7 starspawn tentacles
213 creatures vanquished.

Grand Total: 1495 creatures vanquished

Notes
Turn   | Place    | Note
-------+----------+-------------------------------------------
     0 | D:1      | mopl the Minotaur Fighter began the quest for the Orb.
     0 | D:1      | Reached XP level 1. HP: 19/19 MP: 0/0
   240 | D:1      | Found a faded altar of an unknown god.
   246 | D:1      | Prayed at the altar of an unknown god.
   246 | D:1      | Became a worshipper of the Shining One
   246 | D:1      | Reached * piety under the Shining One
   274 | D:1      | Reached XP level 2. HP: 27/27 MP: 1/1
   315 | D:1      | Reached skill level 3 in Maces & Flails
   511 | D:2      | Reached skill level 1 in Dodging
   518 | D:2      | Reached XP level 3. HP: 33/33 MP: 2/2
   538 | D:2      | Identified the +2 leather armour of Responsibility {Int+6
                  | Stlth-}
   825 | D:2      | Reached skill level 1 in Throwing
   825 | D:2      | Reached skill level 4 in Armour
  1004 | D:2      | Noticed Sigmund
  1011 | D:2      | Killed Sigmund
  1012 | D:2      | Reached skill level 4 in Fighting
  1012 | D:2      | Reached skill level 4 in Maces & Flails
  1012 | D:2      | Reached skill level 2 in Dodging
  1012 | D:2      | Reached skill level 4 in Shields
  1012 | D:2      | Reached skill level 1 in Invocations
  1012 | D:2      | Reached XP level 4. HP: 32/41 MP: 2/4
  1012 | D:2      | Reached XP level 5. HP: 37/47 MP: 2/5
  1094 | D:3      | Identified the +2 war axe "Orb Guardian's Curse" {freeze,
                  | Fly Int+2}
  1111 | D:3      | Found Saagafue's Distillery.
  1116 | D:3      | Bought a potion of degeneration for 10 gold pieces
  1116 | D:3      | Bought a potion of curing for 30 gold pieces
  1116 | D:3      | Bought a potion of lignification for 30 gold pieces
  1223 | D:3      | Reached XP level 6. HP: 46/53 MP: 6/6
  1382 | D:3      | Reached ** piety under the Shining One
  1772 | D:3      | Bought a potion of resistance for 100 gold pieces
  1847 | D:4      | Found a stormy altar of Qazlal.
  1847 | D:4      | Noticed a sky beast
  1856 | D:4      | Killed a sky beast
  1857 | D:4      | Reached skill level 2 in Throwing
  1981 | D:4      | Reached skill level 1 in Evocations
  2014 | D:4      | Reached skill level 5 in Maces & Flails
  2014 | D:4      | Reached skill level 2 in Invocations
  2078 | D:4      | Noticed a yak
  2400 | D:5      | Entered Level 5 of the Dungeon
  2400 | D:5      | Found Hyxzumate's Book Shop.
  2419 | D:5      | Reached XP level 7. HP: 60/60 MP: 7/7
  2570 | D:5      | Found the +9 sword of Zonguldrok {reap}
  2590 | D:5      | Reached skill level 5 in Fighting
  2609 | D:5      | Fell from the grace of the Shining One
  2775 | D:5      | Reached skill level 1 in Long Blades
  2775 | D:5      | Reached skill level 5 in Armour
  2775 | D:5      | Reached skill level 3 in Dodging
  2916 | D:5      | Reached skill level 5 in Shields
  2987 | D:5      | Reached skill level 2 in Long Blades
  2987 | D:5      | Reached skill level 2 in Evocations
  2987 | D:5      | Reached XP level 8. HP: 62/68 MP: 7/9
  3117 | D:6      | Found a staircase to the Ecumenical Temple.
  3121 | D:6      | Reached skill level 3 in Throwing
  3126 | D:6      | Reached skill level 3 in Long Blades
  3126 | D:6      | Reached skill level 3 in Invocations
  3154 | Temple   | Entered the Ecumenical Temple
  3360 | D:6      | Found a glowing drain.
  3370 | Sewer    | Entered a sewer
  3778 | D:6      | Reached skill level 4 in Long Blades
  3778 | D:6      | Reached skill level 4 in Dodging
  3975 | D:3      | Bought a potion of cancellation for 80 gold pieces
  3975 | D:3      | Bought a potion of magic for 80 gold pieces
  4120 | D:7      | Found a hide-covered altar of Uskayaw.
  4129 | D:7      | Reached skill level 6 in Fighting
  4132 | D:7      | Reached XP level 9. HP: 38/74 MP: 10/10
  4140 | D:7      | Became a worshipper of Uskayaw the Reveller
  4199 | D:7      | Reached * piety under Uskayaw
  4519 | D:7      | Reached ** piety under Uskayaw
  4520 | D:7      | Reached skill level 6 in Armour
  4567 | D:7      | Reached skill level 6 in Shields
  4567 | D:7      | Reached skill level 3 in Evocations
  5085 | D:8      | Reached *** piety under Uskayaw
  5086 | D:8      | Reached skill level 5 in Long Blades
  5088 | D:8      | Reached **** piety under Uskayaw
  5092 | D:8      | Reached skill level 4 in Throwing
  5100 | D:8      | Reached skill level 4 in Invocations
  5415 | D:8      | Found a staircase to the Lair.
  5422 | D:8      | Reached skill level 6 in Long Blades
  5468 | D:8      | Noticed a centaur warrior
  5476 | D:8      | Killed a centaur warrior
  5477 | D:8      | Reached skill level 5 in Dodging
  5477 | D:8      | Reached XP level 10. HP: 79/84 MP: 12/12
  5512 | D:8      | Reached skill level 7 in Fighting
  5588 | D:8      | Found a shadowy altar of Dithmenos.
  5620 | D:8      | Reached skill level 7 in Armour
  5702 | D:8      | Reached skill level 4 in Evocations
  5851 | D:9      | Noticed Pikel
  5855 | D:9      | Noticed a two-headed ogre
  5871 | D:8      | Killed Pikel
  5872 | D:8      | Reached skill level 7 in Shields
  5885 | D:8      | Killed a two-headed ogre
  5886 | D:8      | Reached skill level 7 in Long Blades
  5888 | D:9      | Reached ***** piety under Uskayaw
  5893 | D:9      | Reached skill level 5 in Throwing
  5902 | D:9      | Reached skill level 5 in Invocations
  5911 | D:9      | Identified the +1 ring mail of the Foremost Lives {rN+
                  | Int+2}
  5966 | D:9      | Noticed a two-headed ogre
  5976 | D:9      | Killed a two-headed ogre
  6037 | D:9      | Noticed Psyche
  6043 | D:9      | Killed Psyche
  6079 | D:9      | Found Gamoorho's Book Shop.
  6151 | D:9      | Identified the +0 chain mail "Nuybleha" {-Tele +Inv Stlth+}
  6196 | D:9      | Found an ornate altar of the Wu Jian Council.
  6352 | D:9      | Reached skill level 8 in Long Blades
  6352 | D:9      | Reached skill level 6 in Dodging
  6440 | D:10     | Entered Level 10 of the Dungeon
  6536 | D:10     | Found Hipluf's Weapon Shoppe.
  6541 | D:10     | Bought 4 curare-tipped darts for 52 gold pieces
  6576 | D:10     | Found a flagged portal.
  6587 | Bailey   | Entered a bailey
  6691 | Bailey   | Noticed an orc knight
  6832 | Bailey   | Killed an orc knight
  6833 | Bailey   | Reached XP level 11. HP: 82/92 MP: 14/14
  7162 | D:10     | Noticed Joseph
  7169 | D:10     | Killed Joseph
  7170 | D:10     | Reached skill level 8 in Fighting
  7221 | D:10     | Reached skill level 8 in Armour
  7221 | D:10     | Reached skill level 5 in Evocations
  7362 | D:10     | Noticed Urug
  7374 | D:10     | Killed Urug
  7375 | D:10     | Reached skill level 8 in Shields
  7753 | D:11     | Noticed a centaur warrior
  7804 | D:11     | You fall into a shaft and drop 3 floors!
  7926 | D:14     | Noticed a boulder beetle
  7943 | D:14     | Killed a boulder beetle
  8020 | D:13     | Noticed an orc knight
  8122 | D:13     | Reached skill level 9 in Long Blades
  8330 | D:13     | Killed an orc knight
  8412 | D:13     | Noticed a death knight
  8414 | D:13     | a death knight changed into a komodo dragon
  8592 | D:12     | Reached skill level 6 in Throwing
  8693 | D:12     | Reached skill level 6 in Invocations
  8725 | D:12     | Noticed a tengu warrior
  8738 | D:12     | Killed a tengu warrior
  8791 | D:12     | Found a staircase to the Orcish Mines.
  8804 | D:12     | Reached skill level 7 in Dodging
  9334 | D:12     | Identified the +1 leather armour "Ruetic" {Str+3 Int+2}
  9356 | D:12     | Noticed a sun demon
  9365 | D:12     | Reached skill level 10 in Long Blades
  9365 | D:12     | Reached XP level 12. HP: 103/103 MP: 15/15
  9440 | D:12     | Reached skill level 9 in Fighting
  9617 | D:12     | Killed a centaur warrior
  9663 | D:11     | Reached skill level 9 in Armour
  9742 | D:11     | Found a snail-covered altar of Cheibriados.
  9779 | D:11     | Identified the staff of poison "Juiko" {rPois Will- Int+4
                  | SInv}
  9817 | D:11     | Reached skill level 9 in Shields
 10212 | D:12     | Reached skill level 6 in Evocations
 10415 | Lair:1   | Entered Level 1 of the Lair of Beasts
 10619 | Lair:1   | Found a runed translucent door.
 10620 | Lair:1   | Noticed a four-headed hydra
 10621 | Lair:1   | Noticed Weneqiut's ghost (novice FeCj)
 10757 | Lair:1   | Reached skill level 7 in Throwing
 10759 | Lair:1   | Reached skill level 11 in Long Blades
 10761 | Lair:1   | Reached skill level 7 in Invocations
 10775 | Lair:1   | Reached ****** piety under Uskayaw
 11055 | Lair:1   | Reached skill level 8 in Dodging
 11409 | Lair:2   | Reached skill level 10 in Fighting
 11415 | Lair:2   | Found a hole to the Spider Nest.
 11484 | Lair:2   | Reached XP level 13. HP: 89/113 MP: 17/17
 11554 | Lair:2   | Found a staircase to the Swamp.
 11576 | Lair:2   | Noticed Maggie
 11586 | Lair:2   | Killed Maggie
 12283 | Lair:3   | Reached skill level 10 in Armour
 12284 | Lair:3   | Reached skill level 12 in Long Blades
 12333 | Lair:3   | Reached skill level 10 in Shields
 12523 | Lair:3   | Found an opulent altar of Gozag.
 13026 | Lair:4   | Reached skill level 7 in Evocations
 13281 | Lair:4   | Reached skill level 8 in Throwing
 13372 | Lair:4   | Noticed Rupert
 13384 | Lair:4   | Killed Rupert
 13385 | Lair:4   | Reached skill level 9 in Dodging
 13385 | Lair:4   | Reached skill level 8 in Invocations
 13832 | Lair:5   | Entered Level 5 of the Lair of Beasts
 13903 | Lair:5   | Noticed a dire elephant
 13903 | Lair:5   | Noticed a dire elephant
 13903 | Lair:5   | Noticed a dire elephant
 13923 | Lair:5   | Found the +7 sceptre of Torment {pain, torment}
 14028 | Lair:5   | Reached skill level 13 in Long Blades
 14038 | Lair:5   | Reached XP level 14. HP: 106/122 MP: 19/19
 14051 | Lair:5   | Identified the +3 chain mail "Duinas" {Str+3}
 14088 | Lair:5   | Reached skill level 11 in Fighting
 14589 | Lair:5   | Found a viscous altar of Jiyva.
 14591 | Lair:5   | Found a staircase to the Slime Pits.
 14697 | Lair:5   | Noticed Snorg
 14716 | Lair:5   | Killed Snorg
 14911 | Lair:5   | Reached skill level 11 in Armour
 15240 | Lair:5   | Identified the +3 long sword "Rioxa" {vamp, rElec rPois rF-
                  | rN+}
 15294 | Lair:5   | Your ally Snorg died
 15736 | Orc:1    | Entered Level 1 of the Orcish Mines
 15793 | Orc:1    | Reached skill level 11 in Shields
 16150 | Orc:2    | Entered Level 2 of the Orcish Mines
 16273 | Orc:2    | Noticed Saint Roka
 16456 | Orc:2    | Found a staircase to the Elven Halls.
 16776 | Orc:1    | Killed Saint Roka
 17049 | Orc:2    | Reached skill level 14 in Long Blades
 17436 | Orc:2    | Reached skill level 8 in Evocations
 17610 | Orc:2    | Found Aforgh's Antique Weapon Emporium.
 17644 | Orc:2    | Found Seiph's General Store.
 17652 | Orc:2    | Bought a scroll of teleportation for 45 gold pieces
 17686 | Orc:2    | Found Uhagi's Book Emporium.
 17840 | Orc:2    | Found Cameppia's Antique Armour Emporium.
 18336 | D:13     | Reached skill level 9 in Throwing
 18424 | D:13     | Reached skill level 10 in Dodging
 18829 | D:13     | Found a gate to the Vaults.
 18839 | D:13     | Reached skill level 9 in Invocations
 19112 | D:14     | Reached skill level 12 in Fighting
 19119 | D:14     | Reached XP level 15. HP: 93/132 MP: 20/20
 19497 | D:15     | Entered Level 15 of the Dungeon
 20083 | D:15     | Reached skill level 15 in Long Blades
 20088 | D:15     | Reached skill level 12 in Armour
 20127 | D:15     | Found a staircase to the Depths.
 20455 | Spider:1 | Entered Level 1 of the Spider Nest
 20506 | Lair:2   | Reached skill level 12 in Shields
 22188 | Spider:2 | Reached skill level 9 in Evocations
 22409 | Spider:2 | Reached XP level 16. HP: 127/141 MP: 22/22
 22500 | Spider:2 | Reached skill level 10 in Throwing
 22706 | Spider:2 | Reached skill level 11 in Dodging
 22707 | Spider:2 | Reached skill level 10 in Invocations
 23251 | Spider:1 | Reached skill level 13 in Fighting
 24115 | Spider:2 | Reached skill level 16 in Long Blades
 25431 | Spider:3 | Reached skill level 13 in Armour
 25608 | Spider:3 | Reached skill level 13 in Shields
 25958 | Spider:4 | Entered Level 4 of the Spider Nest
 26837 | Spider:3 | HP: 7/143 [poisoned by a redback]
 26842 | Spider:3 | HP: 3/143 [poisoned by a redback]
 27794 | Spider:4 | Noticed Arachne
 27825 | Spider:4 | Killed Arachne
 28553 | Spider:4 | Reached XP level 17. HP: 73/151 MP: 24/24
 28821 | Spider:4 | Reached skill level 10 in Evocations
 28907 | Spider:4 | Reached skill level 11 in Throwing
 28907 | Spider:4 | Reached skill level 12 in Dodging
 29222 | Spider:4 | Reached skill level 14 in Fighting
 29650 | Spider:4 | Reached skill level 11 in Invocations
 30441 | Spider:4 | Identified the +4 dagger of the Enemy {freeze, rElec}
 30567 | Spider:4 | Paralysed by a jorogumo for 1 turns
 30626 | Spider:4 | Identified the +0 pair of gloves of Entitlement {Rampage
                  | rPois}
 30667 | Spider:4 | Got a gossamer rune of Zot
 31044 | Swamp:1  | Entered Level 1 of the Swamp
 31313 | Swamp:1  | Reached skill level 14 in Armour
 31387 | Swamp:1  | Found a shimmering altar of Xom.
 31559 | Swamp:2  | Reached skill level 14 in Shields
 31776 | Swamp:2  | Noticed Jorgrun
 31798 | Swamp:2  | Killed Jorgrun
 31967 | Swamp:2  | Noticed Frances
 31986 | Swamp:2  | Killed Frances
 32145 | Swamp:2  | Identified the +2 whip "Orb Guardian's Curse" {spect, rF-
                  | Dex+7}
 33542 | Swamp:4  | Entered Level 4 of the Swamp
 33935 | Swamp:4  | Reached XP level 18. HP: 120/162 MP: 25/25
 34207 | Swamp:4  | Reached skill level 12 in Throwing
 34718 | Swamp:3  | Reached skill level 15 in Fighting
 34718 | Swamp:3  | Reached skill level 13 in Dodging
 34933 | Swamp:4  | Got a decaying rune of Zot
 34953 | Swamp:4  | Reached skill level 11 in Evocations
 35687 | Elf:1    | Entered Level 1 of the Elven Halls
 35767 | Elf:1    | Reached skill level 12 in Invocations
 35857 | Elf:1    | Identified the +2 leather armour of Anluhoez {*Slow rElec
                  | Int+2}
 36486 | Elf:1    | Reached skill level 15 in Armour
 37003 | Elf:2    | Found a magical portal.
 37008 | Elf:2    | Paralysed by an air elemental for 1 turns
 37021 | WizLab   | Entered The Roulette of Golubria
 37021 | WizLab   | Found a transporter.
 37074 | WizLab   | Found a corrupted altar of Lugonu.
 37130 | WizLab   | Found a transporter.
 37175 | WizLab   | Found a transporter.
 37207 | WizLab   | Found a transporter.
 37215 | WizLab   | Found a transporter.
 37236 | WizLab   | Reached skill level 15 in Shields
 37252 | WizLab   | Found a corrupted altar of Lugonu.
 37260 | WizLab   | Found a transporter.
 37298 | WizLab   | Found a transporter.
 37332 | WizLab   | Found a transporter.
 37405 | WizLab   | Found a transporter.
 37490 | WizLab   | Found a transporter.
 37656 | WizLab   | Found a transporter.
 37656 | WizLab   | Found a transporter.
 37674 | WizLab   | Got Golubria's Folio of Coordinates
 37678 | WizLab   | Learned a level 2 spell: Blink
 37680 | WizLab   | Learned a level 1 spell: Apportation
 37685 | WizLab   | Learned a level 4 spell: Manifold Assault
 37688 | WizLab   | Learned a level 2 spell: Lesser Beckoning
 37695 | WizLab   | Found a transporter.
 37695 | WizLab   | Found a transporter.
 37859 | WizLab   | Got Golubria's Incunabulum of the Excursion
 37871 | WizLab   | Found a transporter.
 37981 | WizLab   | Found a transporter.
 37981 | WizLab   | Found a transporter.
 38019 | Abyss:2  | Cast into level 2 of the Abyss (a wizard)
 38032 | Abyss:2  | Found a corrupted altar of Lugonu.
 38129 | Abyss:2  | Noticed a bone dragon
 38524 | Abyss:2  | Reached skill level 1 in Translocations
 38689 | WizLab   | Escaped the Abyss
 38748 | WizLab   | Found a transporter.
 38766 | WizLab   | Identified the +0 cloak of Zin's Supremacy {rF++ Dex+3}
 38767 | WizLab   | Identified the -2 cloak of Sif Muna {Rampage rF- MP-9
                  | Str+6}
 39055 | WizLab   | Found a transporter.
 39055 | WizLab   | Found a transporter.
 39064 | WizLab   | Reached skill level 1 in Spellcasting
 39188 | Elf:2    | Reached XP level 19. HP: 172/172 MP: 27/27
 39195 | Elf:2    | Found Tuwioris's Antique Armour Boutique.
 39752 | Elf:2    | Found a runed translucent gate.
 39752 | Elf:2    | Found a runed translucent gate.
 39752 | Elf:2    | Found a runed translucent gate.
 40238 | Elf:2    | Reached skill level 2 in Translocations
 40354 | Elf:2    | Reached skill level 16 in Fighting
 40921 | Elf:3    | Entered Level 3 of the Elven Halls
 40927 | Elf:3    | Reached skill level 2 in Spellcasting
 40953 | Elf:3    | Reached skill level 14 in Dodging
 41045 | Elf:3    | Reached skill level 13 in Throwing
 42097 | Elf:3    | Noticed a Brimstone Fiend
 42455 | Elf:3    | Paralysed by an air elemental for 1 turns
 42459 | Elf:3    | Paralysed by an air elemental for 1 turns
 42766 | Elf:3    | Reached skill level 12 in Evocations
 42843 | Elf:3    | Reached skill level 3 in Translocations
 42847 | Abyss:3  | Cast into level 3 of the Abyss (a ghostly deep elf
                  | sorcerer)
 42951 | Abyss:3  | Reached skill level 13 in Invocations
 43008 | Abyss:3  | Reached skill level 16 in Armour
 43123 | Abyss:4  | Killed from afar by a wretched star

Illustrated notes

Levels and vault maps discovered:
D:1:      dpeg_arrival_snail, layout_rooms,
          dreamdust_ecumenical_altar_angels_and_demons
D:2:      layout_basic, serial_corexii_hall, corexii_hall_statues_x,
          corexii_hall_statues_i, uniq_sigmund
D:3:      layout_loops_ring, serial_shops, nicolae_shop_tiny_waterfront,
          grunt_ministairs_3
D:4:      layout_basic, nicolae_qazlal_beasts_of_the_sky, lightli_corner_chamber
D:5:      layout_loops_ring, serial_shops, nicolae_stop_n_shop_2
D:6:      layout_basic, minmay_temple_entry_large_hall,
          cheibrodos_sewer_entry_drain
D:7:      layout_loops_corners, lemuel_tele_altar
D:8:      layout_gridville, marbit_many_paths, due_lair_maze_entry_diamond
D:9:      layout_small_grid, pdpol_wu_jian_five_deadly_venoms, serial_shops,
          nicolae_shop_pleasant_corner_grove, columned_hall_lemuel,
          hangedman_decor_lopped, uniq_pikel, uniq_psyche
D:10:     layout_gridville, enter_bailey_5, serial_shops,
          nicolae_shop_bloodbath_and_beyond, uniq_urug, uniq_joseph
D:11:     layout_cave_pools, kennysheep_slug_shrine
D:12:     layout_basic, zombieorc2_lemuel, kennysheep_generic_room_5
D:13:     layout_stronghold, grunt_vaults_entry_fortified, serial_glass,
          glass_columns_c, glass_columns_b, feat_on_display, feat_on_display
D:14:     layout_loops_cross
D:15:     grunt_enter_depths_magical_seal, layout_loops_ring,
          chequers_mini_garden
Temple:   nicolae_temple_bog_church
Lair:1:   minmay_lair_venomous_thicket, layout_cave_pods,
          ebering_ghost_inner_flame, chequers_serial_rivers_marsh,
          grunt_megastairs_2
Lair:2:   layout_cave_pods, swamp_mist_pool, spider_nest_entry_webs,
          serial_bayou_lagoon_b, infiniplex_staircase_pool, uniq_maggie
Lair:3:   beast_lair_carwin_large_3, layout_regular_city, basic_altar
Lair:4:   lemuel_slime, layout_regular_city, uniq_rupert
Lair:5:   due_jungle_book, layout_long_grid, nicolae_slime_entry_slimehenge,
          uniq_snorg
Swamp:1:  layout_basic_swamp, basic_altar
Swamp:2:  layout_basic_swamp, evilmike_swamp_ruin_rubble_2, swamp_pool1,
          uniq_frances, uniq_jorgrun
Swamp:3:  layout_falls_marsh, hangedman_swamp_cone
Swamp:4:  swamp_alternative, layout_basic_swamp
Spider:1: nicolae_spider_obnoxious_hallway
Spider:2: layout_spider_delve, nicolae_spider_bzzzt
Spider:3: layout_spider_delve, nicolae_orb_stairs, nicolae_spider_cling_halls
Spider:4: johnstein_spider_rune_arachne_lair, uniq_arachne
Orc:1:    layout_caves, bh_open_orc_temple
Orc:2:    grunt_orc_cross, layout_diamond_mine
Elf:1:    layout_loops_ring, minivault_28
Elf:2:    elven_hall_of_blades_hangedman_original [nooodl_blade_entry_preview],
          layout_gridlike, infiniplex_enter_wizlab_glasses, minmay_shop_star
Elf:3:    elf_hall, layout_geoelf_diagonals, ebering_ghost_reflecting_pool,
          serial_shops, nicolae_shop_overgrown_old_shop,
          hangedman_summoners_spam
Abyss:4:  base: Spider:3, evilmike_abyss_exit_7, hangedman_decor_lopped

Skill      XL: |  1  2  3  4  5  6  7  8  9 10 11 12 13 14 15 16 17 18 19 |
---------------+----------------------------------------------------------+-----
Maces & Flails | 3 4 5 |  5.4
Dodging        | 1 2 3 4 5 6 7 8 9 10 11 12 13 14 | 14.3
Throwing       | 1 2 3 4 5 6 7 8 9 10 11 12 13 | 13.2
Armour         | 4 5 6 7 8 9 10 11 12 13 14 15 16 | 16.0
Fighting       | 4 5 6 7 8 10 12 13 14 15 16 | 16.4
Shields        | 4 5 6 7 8 9 10 11 12 13 14 15 | 15.8
Invocations    | 1 2 3 4 5 6 7 8 9 10 11 12 13 | 13.0
Evocations     | 1 2 3 4 5 6 7 8 9 10 11 12 | 12.0
Long Blades    | 2 4 6 8 10 11 13 14 15 16 | 16.0
Translocations | 1 3 |  3.2
Spellcasting   | 1 2 |  2.0

Action                     |  1- 3 |  4- 6 |  7- 9 | 10-12 | 13-15 | 16-18 | 19-21 || total
---------------------------+-------+-------+-------+-------+-------+-------+-------++-------
  Melee: Flail             |    65 |    18 |       |       |     8 |       |       ||    91
         Headbutt          |    11 |     5 |    32 |   115 |   286 |   446 |   105 ||  1000
         War axe           |       |    44 |    13 |    24 |       |       |       ||    81
         Double sword      |       |       |   169 |   521 |  1108 |  1610 |   402 ||  3810
  Throw: Dart              |       |       |       |    13 |    15 |    38 |     5 ||    71
 Invoke: Renounce Religion |       |       |     1 |       |       |       |       ||     1
         Line Pass         |       |       |       |       |     1 |       |       ||     1
         Grand Finale      |       |       |       |       |     3 |     2 |     1 ||     6
         Stomp             |       |       |       |       |       |     3 |     1 ||     4
  Evoke: Wand              |       |       |       |     6 |     9 |    19 |       ||    34
    Use: Scroll            |       |       |     7 |    13 |     1 |    12 |     1 ||    34
         Potion            |       |       |       |     3 |     2 |    12 |     3 ||    20
   Stab: Distracted        |       |       |     2 |     6 |    11 |    16 |     1 ||    36
         Paralysed         |       |       |     1 |    32 |   101 |   118 |    49 ||   301
         Invisible         |       |       |       |     2 |       |     1 |       ||     3
         Confused          |       |       |       |       |     1 |     1 |       ||     2
 Armour: Scale mail        |    25 |    27 |    19 |       |       |       |       ||    71
         Plate armour      |       |       |    97 |    85 |       |       |       ||   182
         Chain mail        |       |       |       |   229 |   501 |   816 |   130 ||  1676
  Dodge: Dodged            |    16 |    25 |    43 |   197 |   386 |   644 |    92 ||  1403
         Repelled          |       |       |       |       |       |    24 |       ||    24
  Block: Kite shield       |    29 |    39 |   113 |   394 |   713 |  1010 |   185 ||  2483

Table legend: (Time is in decaauts)
 A = Elapsed time spent in this place.
 B = Non-inter-level travel time spent in this place.
 C = Inter-level travel time spent in this place.
 D = Time resting spent in this place.
 E = Time spent auto-exploring this place.
 F = Levels seen in this place.
 G = Mean time per level.
                   A        B        C        D        E       F      G
               +--------+--------+--------+--------+--------+-----+--------+
         Total |  43218 |  40959 |   2259 |  13315 |  17658 |  40 | 1080.4 |
       Dungeon |  12457 |  11461 |    996 |   1090 |   7640 |  15 |  830.5 |
        Temple |    244 |    210 |     34 |      0 |    141 |   1 |  244.0 |
          Lair |   5840 |   5407 |    433 |    768 |   3319 |   5 | 1168.0 |
         Swamp |   4535 |   4404 |    131 |   1925 |   1540 |   4 | 1133.8 |
   Spider Nest |  10041 |   9582 |    459 |   5423 |   2216 |   4 | 2510.2 |
  Orcish Mines |   2575 |   2466 |    109 |    911 |    918 |   2 | 1287.5 |
   Elven Halls |   4662 |   4567 |     95 |   2219 |   1148 |   3 | 1554.0 |
         Abyss |    895 |    895 |      0 |    415 |     79 |   3 |  298.3 |
         Sewer |     96 |     96 |      0 |      0 |     38 |   1 |   96.0 |
        Bailey |    424 |    424 |      0 |     76 |    169 |   1 |  424.0 |
        Wizlab |   1445 |   1445 |      0 |    486 |    448 |   1 | 1445.0 |
               +--------+--------+--------+--------+--------+-----+--------+

Top non-repeatable levels by time:
Spider:3: 3612 daAuts
   Elf:2: 3068 daAuts
Spider:4: 2942 daAuts
Spider:1: 2065 daAuts
  Lair:5: 1658 daAuts
 Swamp:3: 1639 daAuts
    D:13: 1459 daAuts
   Orc:2: 1454 daAuts
  WizLab: 1445 daAuts
    D:12: 1430 daAuts
  Lair:2: 1427 daAuts
Spider:2: 1421 daAuts
 Swamp:2: 1317 daAuts
   Elf:1: 1198 daAuts
   Orc:1: 1121 daAuts
